AoeStats
← ztarug93

Arena

509940462Analyzed
2v2 RM · 4d ago on Sep 28, 2026· 39m 58s· 4 players
Game mode
Random Map
Map size
Medium (4 player)
Population
200
Speed
Normal
Resources
Standard
Victory
Conquest
Starting age
Dark Age
Ending age
Imperial Age
RankedLock teamsTeams togetherTeam positionsShared explorationLock speedFull tech treeHidden civsTurbo modeCheats
Victory
Defeat
🇵🇱 Cumans · Poland
1299
+15
🇵🇱 Armenians · Poland
1296
+16
🇪🇸 Byzantines · Spain
1296
-16
🇦🇷 Varangians · Argentina
1284
-15
LGN. Gerfel
6:26 Loom
9:19 Feudal Age
9:58 Double-Bit Axe
11:48 Town Watch
13:14 Bloodlines
18:29 Horse Collar
23:47 Castle Age
23:03 Forging
23:42 Scale Barding Armor
23:43 Gold Mining
25:26 Iron Casting
26:45 Wheelbarrow
ztarug93
7:40 Loom
10:46 Feudal Age
11:30 Double-Bit Axe
13:52 Wheelbarrow
13:08 Horse Collar
15:03 Fletching
22:49 Castle Age
22:58 Crossbowman
23:35 Bodkin Arrow
23:56 Hand Cart
23:56 Bow Saw
23:52 Gold Mining
25:02 Ballistics
31:51 Gold Shaft Mining
35:41 Imperial Age
33:46 Scale Barding Armor
33:51 Heavy Plow
34:50 Chain Barding Armor
35:17 Forging
35:09 Stone Mining
36:23 Thumb Ring
36:28 Bracer
37:35 Plate Barding Armor
38:07 Chemistry
38:57 Iron Casting
Gitan
8:48 Feudal Age
11:45 Double-Bit Axe
16:18 Horse Collar
22:43 Castle Age
22:46 Capped Ram
23:57 Bow Saw
24:26 Heavy Plow
25:27 Gold Mining
26:32 Wheelbarrow
33:53 Imperial Age
31:34 Scale Barding Armor
31:39 Forging
33:13 Chain Barding Armor
33:33 Gold Shaft Mining
34:50 Iron Casting
34:04 Elite Steppe Lancer
36:21 Two-Man Saw
35:41 Bloodlines
39:57 Blast Furnace
Notevidius
4:54 Loom
9:45 Feudal Age
10:58 Double-Bit Axe
10:36 Man-at-Arms
12:27 Horse Collar
12:42 Long Swordsman
18:01 Scale Mail Armor
23:43 Castle Age
21:56 Forging
21:22 Pikeman
23:03 Wheelbarrow
22:52 Arson
24:11 Gold Mining
24:34 Bow Saw
24:11 Gambesons
23:47 Two-Handed Swordsman
24:27 Squires
24:53 Chain Mail Armor
24:25 Gambesons
25:07 Heavy Plow
25:39 Squires
Connection lost

Rejoining the realm…

Still unreachable

The connection could not be restored.

Session expired

The server has moved on; the page needs a fresh start.